 Dungeon Crawl Stone Soup version 0.29.1-12-g30fa7ad0bf (webtiles) character file.

Game seed: 17176611838789189067

231 MisterFreud the Twirler (level 6, -5/46 HPs)
             Began as a Formicid Gladiator on Dec 13, 2022.
             Slain by a hornet (9 damage)
             ... on level 7 of the Dungeon.
             The game lasted 00:03:24 (3826 turns).

MisterFreud the Twirler (Formicid Gladiator)        Turns: 3826, Time: 00:03:25

Health: -5/46      AC:  7    Str: 20    XL:     6   Next: 24%
Magic:  6/6        EV: 10    Int:  8    God:
Gold:   179        SH:  0    Dex: 15    Spells: 5/5 levels left

rFire   . . .      SeeInvis +   a - +1 quarterstaff (drain)
rCold   + . .      Faith    .   (no shield)
rNeg    . . .      Spirit   .   e - +0 scale mail
rPois   .          Reflect  .   (helmet unavailable)
rElec   .          Harm     .   p - +0 cloak
rCorr   .          Rampage  .   (no gloves)
Will    .....                   (no boots)
Stlth   ..........              (no amulet)
HPRegen 0.15/turn               j - ring of protection from cold
MPRegen 0.10/turn               (no ring)

@: lethally poisoned (-5 -> -13), attractive
A: permanent stasis, dig shafts and tunnels, antennae 3, four strong arms
a: Dig, Shaft Self


You were on level 7 of the Dungeon.
You visited 1 branch of the dungeon, and saw 7 of its levels.

You collected 179 gold pieces.

Inventory:

Hand Weapons
 a - a +1 quarterstaff of draining (weapon)
Missiles
 c - 3 throwing nets (quivered)
 d - a javelin
 f - 2 poisoned darts
Armour
 b - a +0 leather armour
 e - a +0 scale mail (worn)
 p - a +0 cloak (worn)
Jewellery
 j - a ring of protection from cold (left hand)
 l - an amulet of regeneration
Potions
 h - a potion of haste {unknown}
 i - 2 potions of curing
 k - a potion of heal wounds {unknown}
 m - 3 potions of ambrosia
 n - a potion of flight {unknown}
 o - a potion of might {unknown}


   Skills:
 + Level 2.9 Fighting
 - Level 6.0 Staves
 - Level 2.0 Throwing
 + Level 1.6 Armour
 - Level 2.6 Dodging


You had 5 spell levels left.
You didn't know any spells.
Your spell library contained the following spells:

 Spells                   Type           Power      Damage    Failure   Level
 Sting                    Tmut/Pois      0%         1d3       77%         1
 Poisonous Vapours        Pois/Air       0%         N/A       88%         2
 Olgreb's Toxic Radiance  Pois           0%         N/A       100%        4


Dungeon Overview and Level Annotations

Branches:
Dungeon (8/15)
 Temple: D:4-7         Lair: D:8-11

Altars:
Okawaru
Vehumet
Wu Jian


Innate Abilities, Weirdness & Mutations

You cannot be hasted, slowed, berserked, paralysed or teleported.
You can dig through walls and to a lower floor.
You have a pair of large antennae on your head. (SInv)
Your four strong arms can wield two-handed weapons with a shield.


Message History

There is a stone staircase leading down here.
Found a quarterstaff.
Found 3 scrolls labelled MEAPYFUORU.
A hornet comes into view.
You hit the hornet but do no damage. The hornet stings you.
Your stasis prevents you from being slowed.
The hornet stings you!
Your stasis prevents you from being paralysed.
You barely miss the hornet. The hornet stings you!
Your stasis prevents you from being slowed.
You sock the hornet!
The hornet is moderately wounded.
The hornet stings you.
Your stasis prevents you from being slowed.
The hornet closely misses you.
You hit the hornet. You drain the hornet.
The hornet is heavily wounded.
The hornet stings you!
* * * LOW HITPOINT WARNING * * *
You are lethally poisoned!
Your stasis prevents you from being paralysed.
You sock the hornet!
The hornet is severely wounded.
* * * LOW HITPOINT WARNING * * *
You feel sick. The hornet barely misses you. The hornet closely misses you.
Unknown command.
You feel better. The hornet stings you!
* * * LOW HITPOINT WARNING * * *
Your stasis prevents you from being slowed.
Okay, then.
Unknown command.
Unknown command.
It was a potion of attraction.
You feel attractive to monsters. The hornet stings you.
* * * LOW HITPOINT WARNING * * *
You are lethally poisoned!
Your stasis prevents you from being slowed.
The hornet stings you!
You die...

#########
........####..##
........>...>...
###.###.#.##..##
#.###.#.##..#
#.....)......
#?###.#......
#@#######
......y.#
....##### ##


You could see a hornet (drained).

Vanquished Creatures
  A sky beast (D:8)
  Jessica (D:2)
  3 gnolls (D:2)
  An ufetubus (D:5)
  A worm (D:2)
  A dart slug (D:1)
  3 orcs
  7 ball pythons
  10 endoplasms
  3 giant cockroaches
  11 goblins
  6 hobgoblins
  2 jackals (D:1)
  6 kobolds
  3 quokkas
  2 bats (D:1)
  2 frilled lizards (D:1)
  6 rats
69 creatures vanquished.

Notes
Turn   | Place    | Note
-------+----------+-------------------------------------------
     0 | D:1      | MisterFreud the Formicid Gladiator began the quest for the
                  | Orb.
     0 | D:1      | Reached XP level 1. HP: 16/16 MP: 1/1
    70 | D:1      | Reached XP level 2. HP: 22/22 MP: 2/2
   546 | D:1      | Reached skill level 4 in Staves
   546 | D:1      | Reached XP level 3. HP: 27/27 MP: 3/3
  1537 | D:2      | Reached XP level 4. HP: 26/33 MP: 4/4
  1665 | D:2      | Noticed Jessica
  1674 | D:2      | Killed Jessica
  1675 | D:2      | Reached skill level 5 in Staves
  1763 | D:2      | Reached XP level 5. HP: 22/38 MP: 5/5
  2424 | D:3      | Found a faded altar of an unknown god.
  2982 | D:3      | Found a radiant altar of Vehumet.
  3055 | D:4      | Found an iron altar of Okawaru.
  3374 | D:4      | Found an ornate altar of the Wu Jian Council.
  3394 | D:5      | Entered Level 5 of the Dungeon
  3404 | D:5      | You fall into a shaft and drop 3 floors!
  3695 | D:7      | Noticed a sky beast
  3704 | D:8      | Killed a sky beast
  3705 | D:8      | Reached skill level 6 in Staves
  3705 | D:8      | Reached skill level 1 in Armour
  3705 | D:8      | Reached XP level 6. HP: 29/46 MP: 6/6
  3819 | D:7      | Noticed a hornet
  3826 | D:7      | Slain by a hornet

Illustrated notes

Levels and vault maps discovered:
D:1:      dpeg_arrival_central, layout_basic, minivault_5, minmay_3d_cube
D:2:      layout_loops_ring, grunt_decor_mini_mirrors,
          nicolae_figureground_pulse, uniq_jessica
D:3:      layout_rooms, lemuel_coloured_pillars_altar,
          ebering_ecumenical_altar_hall
D:4:      layout_basic, mainiacjoe_overflow_brackets, old_standard_altar,
          st_stairs_12
D:5:      layout_rooms, led_sif_pool, uniq_eustachio
D:7:      layout_loops_ring, mainiacjoe_overflow_six_doors_small,
          jmf_multi_god_temple2, minmay_temple_entry_trees, patterned_corridor
D:8:      layout_cave_pods, enter_bailey_5, uniq_amaemon, uniq_prince_ribbit1

Skill      XL: |  1  2  3  4  5 |
---------------+----------------+-----
Staves         | 4 5 6 |  6.0
Armour         | 1 |  1.6
Fighting       | |  2.9
Throwing       | |  2.0
Dodging        | |  2.6

Action                   |  1- 3 |  4- 6 || total
-------------------------+-------+-------++-------
Melee: Quarterstaff      |    96 |    71 ||   167
       Punch             |       |     1 ||     1
 Abil: Shaft Self        |       |     1 ||     1
  Use: Scroll            |     1 |     5 ||     6
       Potion            |       |     2 ||     2
Armor: Leather armour    |     3 |       ||     3
       Scale mail        |    33 |    31 ||    64
Dodge: Dodged            |    44 |    44 ||    88
